 Dungeon Crawl Stone Soup version 0.23-a0-484-g29ba69c (webtiles) character file.

55 galech the Skirmisher (level 3, -1/29 HPs)
             Began as a Demonspawn Fighter on Nov 30, 2018.
             Slain by a hornet zombie (5 damage)
             ... on level 3 of the Dungeon.
             The game lasted 00:01:37 (1611 turns).

galech the Skirmisher (Demonspawn Fighter)          Turns: 1611, Time: 00:01:38

Health: -1/29      AC: 10    Str: 21    XL:     3   Next: 67%
Magic:  3/3        EV:  8    Int:  9    God:
Gold:   58         SH:  9    Dex: 13    Spells: 2/2 levels left

rFire    . . .     SeeInvis .   a - +0 war axe
rCold    . . .     Gourm    .   c - +0 shield
rNeg     . . .     Faith    .   e - +4 ring mail
rPois    .         Spirit   .   (helmet restricted)
rElec    .         Reflect  .   (no cloak)
rCorr    .         Harm     .   (no gloves)
MR       .....                  h - +0 pair of boots
Stlth    +.........             (no amulet)
HPRegen  0.09/turn              (no ring)
MPRegen  0.08/turn              (no ring)

@: mighty
A: horns 1
a: no special abilities


You were on level 3 of the Dungeon.
You were not hungry.

You visited 1 branch of the dungeon, and saw 3 of its levels.

You collected 58 gold pieces.

Inventory:

Hand Weapons
 a - a +0 war axe (weapon)
Armour
 b - a +0 scale mail
 c - a +0 shield (worn)
 e - a +4 ring mail (worn)
 h - a +0 pair of boots (worn)
Jewellery
 o - an uncursed ring of magical power {unknown}
 q - a cursed amulet of inaccuracy {unknown}
Scrolls
 i - 2 scrolls of identify {unknown}
 l - a scroll of enchant weapon {unknown}
 m - 2 scrolls of remove curse {unknown}
 p - a scroll of magic mapping {unknown}
Potions
 d - a potion of might
 j - a potion of flight {unknown}
 k - 2 potions of curing {unknown}
 n - 2 potions of lignification {unknown}
 r - a potion of invisibility {unknown}
Comestibles
 f - 7 rations
 g - 3 chunks of flesh


   Skills:
 + Level 3.3 Fighting
 + Level 2.7 Axes
 + Level 3.0 Armour
 + Level 0.5 Dodging
 + Level 3.0 Shields


You had 2 spell levels left.
You didn't know any spells.
Your spell library was empty.

Dungeon Overview and Level Annotations

Branches:
Dungeon (3/15)

Altars:


Innate Abilities, Weirdness & Mutations

You have a pair of small horns on your head.


Message History

You are too injured to fight recklessly!
You are too injured to fight recklessly!
You are too injured to fight recklessly!
You are too injured to fight recklessly!
You are too injured to fight recklessly!
You feel very mighty all of a sudden. The hornet zombie hits you.
* * * LOW HITPOINT WARNING * * *
You hit the hornet zombie.
The hornet zombie is moderately damaged.
You slash the rat!
You kill the rat!
The hornet zombie closely misses you. You block the hornet zombie's attack.
You slash the hornet zombie!
The hornet zombie is heavily damaged.
You block the hornet zombie's attack. x2
Your shield prevents you from hitting the hornet zombie.
The hornet zombie is heavily damaged.
The hornet zombie hits you.
You die...

. ##. ##. ..
#.# .. #.# .#
.....# #.#.##
#######.†..####
.......@......+
#######.Z....##
#.#....#
#........ #..
..... #........
#### ..## ...


You could see a hornet zombie.

Vanquished Creatures
  An adder (D:2)
  A worm (D:2)
  A dart slug (D:1)
  2 giant cockroaches
  3 goblins
  4 hobgoblins
  2 jackals (D:2)
  8 kobolds
  A quokka (D:3)
  A ball python (D:1)
  3 bats
  5 frilled lizards
  11 rats
43 creatures vanquished.

Notes
Turn   | Place    | Note
-------+----------+-------------------------------------------
     0 | D:1      | galech the Demonspawn Fighter began the quest for the Orb.
     0 | D:1      | Reached XP level 1. HP: 18/18 MP: 1/1
   245 | D:1      | Gained mutation: You have a pair of small horns on your
                  | head. [demonic ancestry]
   245 | D:1      | Reached XP level 2. HP: 17/24 MP: 2/2
   983 | D:2      | Reached XP level 3. HP: 26/29 MP: 3/3
  1611 | D:3      | Slain by a hornet zombie

Vault maps used:
D:1:      sevenhm_arrival_forest_fort_large_2
D:2:      minmay_pentomino_w2
D:3:      portal_sewer_entry_b

Skill      XL: |  1  2  3 |
---------------+----------+-----
Axes           | 2 |  2.7
Shields        | 3 |  3.0
Armour         | 3 |  3.0
Fighting       | |  3.3
Dodging        | |  0.5

Action                   || total
-------------------------++-------
Melee: War axe           ||   106
       Headbutt          ||     7
  Use: Potion            ||     1
  Eat: Chunk             ||     2
Armor: Scale mail        ||     6
       Ring mail         ||    37
Dodge: Dodged            ||    39
Block: Shield            ||    73

Table legend:
 A = Non-vault XP
 B = Vault XP
 C = Vault XP percentage of total XP
 D = Non-vault monster count
 E = Vault monster count
 F = Vault count percentage of total count
                 A         B        C        D         E       F
            +---------+---------+-------+---------+---------+-------
      Total |      77 |       2 |   2.5 |      41 |       2 |   4.7
            +---------+---------+-------+---------+---------+-------
        D:1 |      27 |       0 |   0.0 |      18 |       0 |   0.0
        D:2 |      45 |       1 |   2.2 |      20 |       1 |   4.8
        D:3 |       5 |       1 |  16.7 |       3 |       1 |  25.0
            +---------+---------+-------+---------+---------+-------
